General information
- name: BNet
- type: Ladder team game (AT/RT)
- host: Battle.net
- saver: WOMENLOVETRUMP
map: Deathknell
- players: 8
- length: 82:36
- speed: Fast
- version: 1.27 W3XP
- replay type: Public
» download(473 KB)
Players
team 1 (loser)

»
thorin_10 (
blue | 62 APM | 2035 actions | 32:53)
2 Blood Mage
1 Flame Strike
1 Siphon Mana
5 Mountain King
3 Storm Bolt
2 Bash
5 Paladin
3 Holy Light
1 Divine Shield
1 Devotion Aura
» actions
| Assign group hotkey | 7 | |
| Basic commands | 19 | |
| Build / train | 98 | |
| Enter build submenu | 53 | |
| Enter hero's abilities submenu | 12 | |
| Give item / drop item | 1 | |
| Remove unit from queue | 4 | |
| Right click | 1007 | |
| Select / deselect | 704 | |
| Select group hotkey | 24 | |
| Use ability | 105 | |
2035 total
» units
| Peasant | 18 | |
| Goblin Shredder | 1 | |
| Flying Machine | 22 | |
41 total
» upgrades
| Lumber Harvesting | 2 | |
| Gunpowder | 3 | |
| Flak Cannons | 1 | |
| Flying Machine Bombs | 1 | |
| Armor | 1 | |
| Plating | 1 | |
9 total
» buildings
| Altar of Kings | 1 | |
| Farm | 14 | |
| Arcane Vault | 2 | |
| Lumber Mill | 1 | |
| Scout Tower | 19 | |
| Arcane Tower | 1 | |
| Guard Tower | 16 | |
| Keep | 1 | |
| Town Hall | 2 | |
| Blacksmith | 1 | |
| Castle | 1 | |
| Workshop | 3 | |
62 total
» build order
00:24 Altar of Kings
00:26 Farm
01:08 Arcane Vault
01:25 Lumber Mill
01:43 Farm
02:12 Scout Tower
02:25 Farm
02:36 Scout Tower
02:43 Farm
03:21 Arcane Tower
04:32 Guard Tower
04:44 Scout Tower
05:17 Farm
06:08 Keep
06:09 Guard Tower
06:27 Town Hall
06:32 Scout Tower
07:05 Scout Tower
07:19 Guard Tower
07:36 Scout Tower
07:55 Guard Tower
08:35 Guard Tower
09:11 Farm
09:37 Blacksmith
09:45 Scout Tower
09:59 Castle
10:03 Farm
10:20 Scout Tower
10:21 Guard Tower
10:46 Farm
10:54 Scout Tower
10:55 Guard Tower
11:05 Scout Tower
11:36 Guard Tower
11:38 Scout Tower
11:40 Farm
11:50 Arcane Vault
11:51 Guard Tower
12:29 Workshop
12:30 Workshop
14:09 Scout Tower
14:42 Scout Tower
14:45 Guard Tower
14:47 Workshop
14:48 Farm
14:51 Farm
14:56 Guard Tower
14:57 Guard Tower
15:15 Guard Tower
15:16 Scout Tower
15:27 Farm
15:32 Farm
15:47 Scout Tower
15:48 Guard Tower
16:11 Farm
16:25 Scout Tower
16:26 Guard Tower
17:37 Scout Tower
17:42 Scout Tower
17:44 Scout Tower
17:45 Guard Tower
24:00 Town Hall
» items
| Orb of Fire | 1 | |
| Scroll of Town Portal | 2 | |
| Scroll of Regeneration | 2 | |
| Potion of Healing | 2 | |
| Lesser Clarity Potion | 1 | |
8 total

»
LoveBeForU (
yellow | 152 APM | 5005 actions | 32:53)
5 Blademaster
3 Wind Walk
2 Critical Strike
3 Shadow Hunter
2 Healing Wave
1 Hex
» actions
| Assign group hotkey | 57 | |
| Basic commands | 496 | |
| Build / train | 127 | |
| Enter build submenu | 22 | |
| Enter hero's abilities submenu | 9 | |
| Give item / drop item | 2 | |
| Remove unit from queue | 1 | |
| Right click | 2022 | |
| Select / deselect | 1015 | |
| Select group hotkey | 1006 | |
| Use ability | 245 | |
5005 total
» units
| Peon | 9 | |
| Grunt | 9 | |
| Spirit Walker | 6 | |
| Raider | 10 | |
| Kodo Beast | 1 | |
| Shaman | 1 | |
| Tauren | 1 | |
37 total
» upgrades
| Berserker Strength | 1 | |
| Pillage | 1 | |
| Melee Weapons | 2 | |
| Ensnare | 1 | |
| Spirit Walker Training | 2 | |
| Reinforced Defenses | 1 | |
| Shaman Training | 2 | |
| Pulverize | 1 | |
11 total
» buildings
| Altar of Storms | 1 | |
| Orc Burrow | 6 | |
| Barracks | 1 | |
| Voodoo Lounge | 1 | |
| Stronghold | 5 | |
| War Mill | 1 | |
| Spirit Lodge | 3 | |
| Beastiary | 1 | |
| Fortress | 5 | |
| Watch Tower | 3 | |
| Tauren Totem | 2 | |
29 total
» build order
00:07 Altar of Storms
00:15 Orc Burrow
00:35 Barracks
01:39 Orc Burrow
02:02 Voodoo Lounge
03:03 Stronghold
03:03 Stronghold
03:03 Stronghold
03:37 Orc Burrow
04:16 War Mill
05:38 Spirit Lodge
06:24 Beastiary
07:12 Orc Burrow
07:48 Orc Burrow
09:18 Orc Burrow
09:30 Fortress
09:30 Fortress
09:30 Fortress
16:25 Watch Tower
16:34 Watch Tower
16:36 Watch Tower
21:45 Spirit Lodge
22:24 Tauren Totem
22:28 Tauren Totem
22:34 Spirit Lodge
» items
| Healing Salve | 11 | |
| Lesser Clarity Potion | 7 | |
| Orb of Lightning | 1 | |
| Scroll of Speed | 1 | |
20 total
OrcLivesMatter (
red | 79 APM | 6546 actions | 82:35)
10 Blademaster
3 Wind Walk
3 Critical Strike
1 Bladestorm
3 Mirror Image
» actions
| Assign group hotkey | 133 | |
| Basic commands | 28 | |
| Build / train | 206 | |
| ESC pressed | 6 | |
| Enter build submenu | 58 | |
| Enter hero's abilities submenu | 10 | |
| Give item / drop item | 61 | |
| Right click | 3280 | |
| Select / deselect | 470 | |
| Select group hotkey | 1440 | |
| Use ability | 854 | |
6546 total
» units
| Peon | 16 | |
| Grunt | 8 | |
| Goblin Shredder | 6 | |
| Goblin Zeppelin | 11 | |
| Wind Rider | 13 | |
| Goblin Sapper | 25 | |
79 total
» upgrades
| Berserker Strength | 1 | |
| Armor | 3 | |
| Reinforced Defenses | 1 | |
| Ranged Weapons | 3 | |
| Pillage | 1 | |
| Envenomed Spears | 1 | |
| Spiked Barricades | 3 | |
| Troll Regeneration | 1 | |
| Melee Weapons | 1 | |
| Masonry | 1 | |
16 total
» buildings
| Orc Burrow | 4 | |
| Barracks | 1 | |
| Altar of Storms | 1 | |
| Voodoo Lounge | 2 | |
| Stronghold | 1 | |
| War Mill | 1 | |
| Great Hall | 3 | |
| Fortress | 3 | |
| Beastiary | 5 | |
| Watch Tower | 41 | |
| Guard Tower | 9 | |
| Cannon Tower | 3 | |
74 total
» build order
00:13 Orc Burrow
00:59 Orc Burrow
01:21 Barracks
01:25 Altar of Storms
01:28 Voodoo Lounge
02:57 Orc Burrow
04:17 Stronghold
05:20 War Mill
05:49 Great Hall
06:06 Orc Burrow
06:45 Fortress
06:45 Fortress
06:45 Fortress
07:29 Beastiary
07:32 Beastiary
07:35 Beastiary
07:38 Beastiary
09:41 Great Hall
09:47 Watch Tower
10:46 Watch Tower
10:47 Watch Tower
10:48 Watch Tower
10:54 Watch Tower
10:55 Watch Tower
12:05 Watch Tower
12:07 Watch Tower
12:19 Watch Tower
12:30 Watch Tower
12:31 Watch Tower
16:46 Great Hall
17:02 Watch Tower
17:05 Watch Tower
17:06 Watch Tower
17:08 Watch Tower
17:13 Watch Tower
17:15 Watch Tower
17:16 Watch Tower
17:17 Watch Tower
17:17 Watch Tower
18:31 Watch Tower
18:58 Watch Tower
19:00 Watch Tower
19:03 Watch Tower
19:07 Watch Tower
19:07 Watch Tower
19:12 Beastiary
23:29 Watch Tower
23:30 Watch Tower
23:34 Watch Tower
23:35 Watch Tower
23:39 Watch Tower
23:46 Voodoo Lounge
23:50 Watch Tower
23:52 Watch Tower
23:58 Watch Tower
24:00 Watch Tower
33:57 Guard Tower
33:57 Guard Tower
33:58 Guard Tower
33:58 Guard Tower
34:02 Guard Tower
34:02 Guard Tower
34:03 Guard Tower
34:03 Guard Tower
34:04 Cannon Tower
34:04 Cannon Tower
50:25 Watch Tower
50:26 Watch Tower
50:31 Watch Tower
51:21 Watch Tower
51:24 Watch Tower
51:28 Watch Tower
» items
| Healing Salve | 13 | |
| Lesser Clarity Potion | 23 | |
| Scroll of Regeneration | 2 | |
| Potion of Mana | 8 | |
| Potion of Healing | 7 | |
| Scroll of Town Portal | 1 | |
| Orb of Fire | 1 | |
| Orb of Lightning | 1 | |
56 total

»
JONNY-TRUE-LOVE (
green | 69 APM | 2282 actions | 32:51)
5 Death Knight
3 Death Coil
2 Unholy Aura
5 Lich
3 Frost Nova
2 Frost Armor
» actions
| Assign group hotkey | 316 | |
| Basic commands | 76 | |
| Build / train | 92 | |
| Enter build submenu | 28 | |
| Enter hero's abilities submenu | 11 | |
| Give item / drop item | 3 | |
| Right click | 738 | |
| Select / deselect | 366 | |
| Select group hotkey | 492 | |
| Use ability | 160 | |
2282 total
» units
| Acolyte | 14 | |
| Ghoul | 3 | |
| Crypt Fiend | 13 | |
| Obsidian Statue | 5 | |
| Frost Wyrm | 4 | |
| Gargoyle | 3 | |
42 total
» upgrades
| Creature Attack | 3 | |
| Web | 1 | |
| Destroyer Form | 1 | |
| Creature Carapace | 1 | |
6 total
» buildings
| Graveyard | 1 | |
| Crypt | 2 | |
| Altar of Darkness | 1 | |
| Ziggurat | 9 | |
| Tomb of Relics | 2 | |
| Halls of the Dead | 1 | |
| Slaughterhouse | 1 | |
| Black Citadel | 4 | |
| Sacrificial Pit | 1 | |
| Necropolis | 1 | |
| Boneyard | 2 | |
| Nerubian Tower | 2 | |
27 total
» build order
00:11 Graveyard
00:15 Crypt
00:34 Altar of Darkness
00:48 Ziggurat
01:10 Tomb of Relics
01:47 Ziggurat
03:01 Halls of the Dead
03:24 Ziggurat
05:44 Slaughterhouse
06:41 Black Citadel
06:42 Black Citadel
06:42 Black Citadel
06:42 Black Citadel
07:06 Ziggurat
07:48 Ziggurat
09:10 Sacrificial Pit
10:36 Necropolis
10:51 Ziggurat
10:53 Boneyard
11:03 Boneyard
13:04 Ziggurat
13:08 Ziggurat
14:39 Nerubian Tower
15:21 Nerubian Tower
15:34 Tomb of Relics
18:28 Crypt
18:58 Ziggurat
» items
| Rod of Necromancy | 3 | |
| Sacrificial Skull | 1 | |
| Dust of Appearance | 2 | |
| Potion of Healing | 5 | |
| Scroll of Town Portal | 6 | |
| Orb of Corruption | 1 | |
| Scroll of Healing | 1 | |
| Lesser Clarity Potion | 3 | |
| Healing Salve | 1 | |
23 total
team 2 (winner)

»
ZombiNiggrJesus (
purple | 24 APM | 1959 actions | 82:35)
4 Blademaster
2 Wind Walk
2 Critical Strike
3 Tauren Chieftain
2 Endurance Aura
1 War Stomp
» actions
| Assign group hotkey | 21 | |
| Basic commands | 17 | |
| Build / train | 45 | |
| Enter build submenu | 24 | |
| Enter hero's abilities submenu | 7 | |
| Remove unit from queue | 1 | |
| Right click | 886 | |
| Select / deselect | 719 | |
| Select group hotkey | 138 | |
| Use ability | 100 | |
1959 total
» units
| Peon | 6 | |
| Grunt | 10 | |
| Ice Troll Trapper | 1 | |
| Wind Rider | 4 | |
| Ice Troll Berserker | 1 | |
22 total
» upgrades
» buildings
| Altar of Storms | 1 | |
| Orc Burrow | 11 | |
| Barracks | 1 | |
| War Mill | 1 | |
| Voodoo Lounge | 1 | |
| Stronghold | 1 | |
| Watch Tower | 4 | |
| Beastiary | 2 | |
| Great Hall | 2 | |
24 total
» build order
00:04 Altar of Storms
00:07 Orc Burrow
00:46 Barracks
01:25 War Mill
01:43 Voodoo Lounge
02:59 Stronghold
03:10 Orc Burrow
04:23 Watch Tower
05:22 Beastiary
06:34 Orc Burrow
06:37 Beastiary
07:49 Watch Tower
09:14 Orc Burrow
09:16 Orc Burrow
12:27 Watch Tower
12:57 Orc Burrow
14:02 Great Hall
14:45 Watch Tower
15:33 Orc Burrow
15:57 Orc Burrow
17:21 Great Hall
17:25 Orc Burrow
18:17 Orc Burrow
18:27 Orc Burrow
» items
| Healing Salve | 3 | |
| Lesser Clarity Potion | 1 | |
| Scroll of Speed | 1 | |
| Potion of Healing | 1 | |
| Potion of Mana | 1 | |
| Scroll of Town Portal | 2 | |
9 total

»
newborn (
orange | 53 APM | 4347 actions | 82:35)
7 Tauren Chieftain
3 Endurance Aura
2 War Stomp
1 Reincarnation
1 Shockwave
7 Blademaster
3 Wind Walk
3 Critical Strike
1 Bladestorm
4 Shadow Hunter
2 Hex
2 Healing Wave
» actions
| Assign group hotkey | 29 | |
| Basic commands | 193 | |
| Build / train | 109 | |
| ESC pressed | 6 | |
| Enter build submenu | 31 | |
| Enter hero's abilities submenu | 18 | |
| Give item / drop item | 2 | |
| Right click | 1712 | |
| Select / deselect | 1307 | |
| Select group hotkey | 646 | |
| Use ability | 293 | |
4347 total
» units
| Peon | 19 | |
| Grunt | 5 | |
| Shaman | 10 | |
| Tauren | 7 | |
| Spirit Walker | 3 | |
| Troll Witch Doctor | 2 | |
| Troll Batrider | 3 | |
49 total
» upgrades
| Shaman Training | 2 | |
| Melee Weapons | 2 | |
| Reinforced Defenses | 1 | |
| Pulverize | 1 | |
| Spirit Walker Training | 2 | |
| Witch Doctor Training | 2 | |
| Armor | 2 | |
12 total
» buildings
| Orc Burrow | 8 | |
| Altar of Storms | 3 | |
| Barracks | 1 | |
| Voodoo Lounge | 1 | |
| Stronghold | 2 | |
| War Mill | 1 | |
| Great Hall | 3 | |
| Watch Tower | 9 | |
| Spirit Lodge | 2 | |
| Fortress | 1 | |
| Tauren Totem | 2 | |
| Beastiary | 1 | |
34 total
» build order
00:25 Orc Burrow
00:40 Altar of Storms
00:55 Barracks
01:20 Orc Burrow
02:20 Voodoo Lounge
04:15 Stronghold
04:15 Stronghold
04:23 War Mill
05:41 Orc Burrow
06:19 Great Hall
06:21 Watch Tower
07:14 Spirit Lodge
08:55 Fortress
08:56 Spirit Lodge
09:01 Orc Burrow
09:02 Watch Tower
11:19 Tauren Totem
11:22 Tauren Totem
11:27 Watch Tower
12:36 Watch Tower
13:07 Watch Tower
13:10 Watch Tower
14:16 Orc Burrow
15:33 Watch Tower
15:35 Watch Tower
16:38 Orc Burrow
17:19 Orc Burrow
17:22 Orc Burrow
18:24 Watch Tower
22:16 Beastiary
39:34 Great Hall
54:10 Great Hall
62:48 Altar of Storms
66:50 Altar of Storms
» items
| Healing Salve | 6 | |
| Lesser Clarity Potion | 3 | |
| Potion of Healing | 2 | |
| Scroll of Town Portal | 5 | |
| Orb of Corruption | 1 | |
| Orb of Lightning | 1 | |
18 total
BECOOL (
teal | 31 APM | 2265 actions | 72:56)
5 Death Knight
2 Death Coil
2 Unholy Aura
1 Death Pact
2 Lich
1 Frost Nova
1 Frost Armor
» actions
| Assign group hotkey | 98 | |
| Build / train | 120 | |
| Enter build submenu | 44 | |
| Enter hero's abilities submenu | 7 | |
| Give item / drop item | 4 | |
| Remove unit from queue | 4 | |
| Right click | 850 | |
| Select / deselect | 695 | |
| Select group hotkey | 297 | |
| Use ability | 145 | |
2265 total
» units
| Acolyte | 25 | |
| Ghoul | 5 | |
| Crypt Fiend | 7 | |
| Gargoyle | 8 | |
| Frost Wyrm | 25 | |
| Goblin Shredder | 2 | |
72 total
» upgrades
| Creature Attack | 3 | |
| Creature Carapace | 4 | |
| Web | 1 | |
| Stone Form | 1 | |
| Freezing Breath | 1 | |
10 total
» buildings
| Altar of Darkness | 1 | |
| Crypt | 2 | |
| Ziggurat | 11 | |
| Graveyard | 1 | |
| Tomb of Relics | 1 | |
| Halls of the Dead | 1 | |
| Necropolis | 1 | |
| Black Citadel | 1 | |
| Sacrificial Pit | 1 | |
| Boneyard | 4 | |
| Spirit Tower | 2 | |
| Nerubian Tower | 1 | |
27 total
» build order
00:11 Altar of Darkness
00:13 Crypt
00:35 Ziggurat
01:00 Ziggurat
01:36 Graveyard
01:46 Tomb of Relics
02:01 Ziggurat
04:20 Ziggurat
05:41 Halls of the Dead
06:22 Ziggurat
06:35 Ziggurat
07:16 Ziggurat
07:24 Necropolis
07:26 Ziggurat
07:30 Ziggurat
09:13 Black Citadel
09:16 Sacrificial Pit
09:28 Crypt
11:42 Boneyard
11:46 Boneyard
11:53 Ziggurat
12:54 Spirit Tower
13:13 Spirit Tower
13:14 Nerubian Tower
22:23 Ziggurat
22:31 Boneyard
22:42 Boneyard
» items
| Rod of Necromancy | 1 | |
| Dust of Appearance | 2 | |
| Healing Salve | 1 | |
| Potion of Healing | 4 | |
| Scroll of Town Portal | 1 | |
| Potion of Mana | 4 | |
| Lesser Clarity Potion | 1 | |
| Orb of Lightning | 1 | |
15 total
WOMENLOVETRUMP (
pink | 63 APM | 5216 actions | 82:36)
6 Blademaster
3 Wind Walk
2 Critical Strike
1 Bladestorm
5 Shadow Hunter
2 Hex
3 Healing Wave
» actions
| Assign group hotkey | 54 | |
| Basic commands | 158 | |
| Build / train | 105 | |
| Enter build submenu | 33 | |
| Enter hero's abilities submenu | 13 | |
| Give item / drop item | 5 | |
| Right click | 2133 | |
| Select / deselect | 560 | |
| Select group hotkey | 1593 | |
| Use ability | 562 | |
5216 total
» units
| Peon | 11 | |
| Grunt | 4 | |
| Goblin Shredder | 12 | |
| Wind Rider | 18 | |
| Troll Batrider | 4 | |
| Kodo Beast | 1 | |
| Goblin Sapper | 17 | |
| Raider | 1 | |
| Goblin Zeppelin | 1 | |
69 total
» upgrades
| Reinforced Defenses | 1 | |
| Envenomed Spears | 1 | |
| Ranged Weapons | 2 | |
| Armor | 2 | |
| Liquid Fire | 1 | |
| Ensnare | 1 | |
8 total
» buildings
| Altar of Storms | 1 | |
| Orc Burrow | 7 | |
| Barracks | 1 | |
| Stronghold | 1 | |
| Voodoo Lounge | 2 | |
| War Mill | 1 | |
| Beastiary | 4 | |
| Fortress | 2 | |
| Great Hall | 2 | |
| Watch Tower | 41 | |
62 total
» build order
00:08 Altar of Storms
00:22 Orc Burrow
00:37 Barracks
01:24 Orc Burrow
02:54 Stronghold
03:07 Voodoo Lounge
04:01 Orc Burrow
04:27 War Mill
05:23 Beastiary
05:26 Beastiary
05:43 Fortress
05:43 Fortress
06:28 Beastiary
06:49 Great Hall
07:04 Watch Tower
07:05 Watch Tower
07:09 Watch Tower
07:12 Watch Tower
07:13 Watch Tower
07:13 Watch Tower
08:43 Orc Burrow
10:42 Orc Burrow
11:11 Beastiary
13:05 Watch Tower
13:05 Watch Tower
13:06 Watch Tower
13:06 Watch Tower
15:23 Watch Tower
15:24 Watch Tower
15:28 Watch Tower
15:28 Watch Tower
16:16 Watch Tower
16:16 Watch Tower
16:17 Watch Tower
16:17 Watch Tower
17:36 Watch Tower
17:36 Watch Tower
17:37 Watch Tower
17:58 Orc Burrow
18:52 Watch Tower
18:53 Watch Tower
19:54 Orc Burrow
21:29 Watch Tower
21:29 Watch Tower
22:07 Voodoo Lounge
22:39 Watch Tower
22:39 Watch Tower
22:40 Watch Tower
26:50 Watch Tower
26:50 Watch Tower
26:51 Watch Tower
27:24 Watch Tower
27:25 Watch Tower
29:07 Watch Tower
29:07 Watch Tower
29:12 Watch Tower
32:56 Great Hall
32:58 Watch Tower
32:59 Watch Tower
32:59 Watch Tower
32:59 Watch Tower
» items
| Healing Salve | 3 | |
| Scroll of Town Portal | 5 | |
| Orb of Lightning | 1 | |
| Tiny Great Hall | 1 | |
10 total
Chat log
(00:58 / Allies) WOMENLOVETRUMP: green huge maphacker
(01:07 / Allies) BECOOL: damn
(01:13 / Allies) ZombiNiggrJesus: how do you know?
(01:22 / Allies) BECOOL: lol
(01:31 / Allies) BECOOL: so we loose ?
(01:51 / Allies) newborn: units?
(01:52 / All) JONNY-TRUE-LOVE: they say
(01:52 / Allies) newborn: hero?
(01:59 / All) JONNY-TRUE-LOVE: im #1 player on east now
(02:12 / All) WOMENLOVETRUMP: anti fog hack detects green fog clicked teal
(02:24 / All) JONNY-TRUE-LOVE: post replay pls
(02:29 / Allies) BECOOL: plz
(02:58 / Allies) BECOOL: more plz
(03:04 / Allies) newborn: u got units?
(03:15 / Allies) BECOOL: come
(03:23 / Allies) BECOOL: gouls coming
(03:32 / Allies) BECOOL: big golem
(03:50 / Allies) newborn: take
(03:51 / Allies) newborn: item
(03:58 / Allies) newborn: or are u going melee?
(04:03 / Allies) WOMENLOVETRUMP: wyvern
(04:10 / Allies) newborn: my expo
(04:36 / Allies) newborn: pink and purp
(04:37 / Allies) newborn: what units
(04:45 / Allies) newborn: purp wyvs
(04:46 / Allies) newborn: u pink
(04:47 / Allies) ZombiNiggrJesus: I seriously fucked blue up with harass
(04:52 / Allies) ZombiNiggrJesus: we should rush him
(05:22 / Allies) BECOOL: go to yellwop
(05:25 / Allies) BECOOL: go to red
(06:53 / Allies) WOMENLOVETRUMP: gold
(06:54 / Allies) WOMENLOVETRUMP: will pay back
(07:34 / Allies) WOMENLOVETRUMP: tp
(07:47 / Allies) WOMENLOVETRUMP: need help
(07:48 / Allies) WOMENLOVETRUMP: up top
(07:54 / Allies) WOMENLOVETRUMP: tp purple
(07:57 / Allies) ZombiNiggrJesus: come
(08:05 / Allies) WOMENLOVETRUMP: TP
(08:15 / Allies) newborn: sec
(11:16 / Allies) WOMENLOVETRUMP: omw purple
(11:19 / Allies) WOMENLOVETRUMP: focus green dk
(12:00 / Allies) WOMENLOVETRUMP: tp to purp
(12:11 / Allies) BECOOL: make docs
(12:45 / Allies) WOMENLOVETRUMP: lets hit
(13:18 / All) JONNY-TRUE-LOVE: just leave
(13:24 / All) JONNY-TRUE-LOVE: u need atleast 3 people
(13:27 / All) JONNY-TRUE-LOVE: against me
(13:53 / Allies) WOMENLOVETRUMP: b
(13:53 / Allies) WOMENLOVETRUMP: b
(14:25 / All) JONNY-TRUE-LOVE: noobs
(14:26 / Allies) ZombiNiggrJesus: hoyl fuck
(14:50 / Allies) WOMENLOVETRUMP: TP
(14:50 / Allies) WOMENLOVETRUMP: TP
(15:49 / All) JONNY-TRUE-LOVE: didint i tell u to leave?
(16:17 / Allies) newborn: help other side pink
(16:19 / All) JONNY-TRUE-LOVE: noobs
(16:19 / Allies) newborn: i dont need ur help
(16:35 / Allies) WOMENLOVETRUMP: k
(16:38 / Allies) WOMENLOVETRUMP: TP OJ
(17:23 / All) JONNY-TRUE-LOVE: yawn
(18:09 / Allies) WOMENLOVETRUMP: hit yellow
(18:11 / Allies) WOMENLOVETRUMP: lets take him out
(18:13 / Allies) WOMENLOVETRUMP: dont hit red
(18:16 / Allies) WOMENLOVETRUMP: he is just fucking around
(18:37 / All) ZombiNiggrJesus: ignore my base
(18:41 / All) JONNY-TRUE-LOVE: lol
(18:42 / All) thorin_10: ok
(18:58 / Allies) ZombiNiggrJesus: kill yellow
(19:01 / Allies) WOMENLOVETRUMP: KILL YELLOW
(19:02 / Allies) WOMENLOVETRUMP: BURROWSS
(19:57 / Allies) WOMENLOVETRUMP: TP
(20:02 / Allies) WOMENLOVETRUMP: nvm
(20:03 / Allies) WOMENLOVETRUMP: nvm
(21:33 / Allies) WOMENLOVETRUMP: don thit red
(21:36 / Allies) WOMENLOVETRUMP: red is useless
(23:08 / Allies) newborn: no
(23:10 / Allies) newborn: too many towes
(23:21 / Allies) WOMENLOVETRUMP: not red
(23:24 / All) BECOOL: I come
(23:32 / Allies) newborn: got no aa
(24:29 / Allies) newborn: WHY HIT YELLOW
(24:31 / Allies) newborn: HE HAS TOWERS
(24:37 / Allies) newborn: HIT GREEN
(24:43 / Allies) newborn: OR THIS
(24:47 / Allies) WOMENLOVETRUMP: red is just fuckign around u idiot
(24:52 / All) OrcLivesMatter: bad idea
(24:59 / Allies) newborn: COME
(25:01 / Allies) newborn: pink
(25:09 / Allies) ZombiNiggrJesus: you should hit hellow
(25:15 / Allies) ZombiNiggrJesus: all he got is urrows
(25:15 / Allies) BECOOL: group
(25:40 / All) OrcLivesMatter: my team is noobs
(26:11 / All) newborn: yawn
(26:12 / All) WOMENLOVETRUMP: best player my base
(26:39 / All) LoveBeForU: red got 5k, no units
(26:46 / All) OrcLivesMatter: 50 hp lol
(26:51 / All) OrcLivesMatter: killed that sh and then bm by the skin of my teeth
(27:30 / Allies) ZombiNiggrJesus: red bm
(28:22 / Allies) WOMENLOVETRUMP: hit blue or green red doesnt even have untis guys
(28:30 / Allies) newborn: but he might feed
(28:36 / Allies) WOMENLOVETRUMP: listen to their chat
(28:37 / Allies) WOMENLOVETRUMP: hes atker
(28:59 / Allies) WOMENLOVETRUMP: green and blue are threats
(29:34 / All) OrcLivesMatter: Away from my expo
(29:49 / Allies) WOMENLOVETRUMP: omw buying tp
(29:53 / Allies) WOMENLOVETRUMP: watch our for green
(30:35 / Allies) WOMENLOVETRUMP: OMW kill green dk
(31:03 / All) newborn: yawn
(31:25 / Allies) BECOOL: come
(31:29 / All) WOMENLOVETRUMP: Kodo #1 biatch
(31:36 / All) OrcLivesMatter: Grubby #1
(31:38 / All) OrcLivesMatter: Kodo is a scrub
(32:29 / All) JONNY-TRUE-LOVE: nabs lucky
(32:32 / All) JONNY-TRUE-LOVE: red didnt make units
(32:33 / All) WOMENLOVETRUMP: out green
(32:34 / All) OrcLivesMatter: Green sucks
(32:35 / All) WOMENLOVETRUMP: kodo #1
(32:35 / All) OrcLivesMatter: my team sucks
(32:35 / Allies) newborn: yawn
(32:38 / All) thorin_10: red
(32:38 / All) newborn: yawn green
(32:39 / All) WOMENLOVETRUMP: KODO #1
(32:40 / All) OrcLivesMatter: stop sucking kodo's dick
(32:40 / All) thorin_10: has 11k
(32:40 / All) JONNY-TRUE-LOVE: JONNY #1
(32:44 / All) OrcLivesMatter: Grubby #1
(32:44 / All) WOMENLOVETRUMP: KODO #1
(32:47 / All) JONNY-TRUE-LOVE: REMEMBER NOOBS
(32:49 / All) OrcLivesMatter: Jonny is some random maphacker scrub
(32:51 / All) OrcLivesMatter: and kodo is trash
(33:12 / All) OrcLivesMatter: wow they all left one after the other lol
(33:15 / Allies) ZombiNiggrJesus: that green was one gay mother fucker
(33:49 / Allies) BECOOL: gg
(34:02 / All) WOMENLOVETRUMP: its over bitch
(34:09 / Allies) BECOOL: they use all gold in towers
(34:24 / All) OrcLivesMatter: I'm gonna 1v4
(34:26 / All) OrcLivesMatter: Everyone out
(34:55 / All) newborn: noob
(35:08 / All) WOMENLOVETRUMP: red u suck lol
(35:14 / All) OrcLivesMatter: I have a +24 bm
(35:17 / Allies) BECOOL: go
(35:17 / All) OrcLivesMatter: with periapt of vitality
(35:19 / All) OrcLivesMatter: robes of magi +6
(35:23 / All) OrcLivesMatter: two claws +9
(35:26 / All) OrcLivesMatter: +6 agi boots
(35:26 / Allies) newborn: need to take his gold
(35:27 / All) OrcLivesMatter: d
(35:31 / All) OrcLivesMatter: it kicks your bm's ass
(36:11 / Allies) ZombiNiggrJesus: teal you should take this mine
(36:18 / All) OrcLivesMatter: lol
(36:21 / All) OrcLivesMatter: good one
(36:24 / Allies) newborn: i take if u dont mind
(36:33 / All) OrcLivesMatter: 328 crit
(36:37 / Allies) BECOOL: dont control me plz
(36:38 / Allies) BECOOL: damn
(36:57 / Allies) ZombiNiggrJesus: i wasnt
(36:58 / All) WOMENLOVETRUMP: nasty red bm crit
(37:27 / Allies) newborn: dude
(37:28 / Allies) newborn: wtf
(37:45 / Allies) WOMENLOVETRUMP: oops. meant to hit "A" on reds bm my bad
(37:58 / Allies) newborn: no u didnt
(38:21 / Allies) newborn: dont tell me u are reds fucking friend
(38:23 / Allies) ZombiNiggrJesus: pink you got units
(38:29 / All) WOMENLOVETRUMP: where do i hit??
(38:43 / All) WOMENLOVETRUMP: hit blue
(38:43 / Allies) BECOOL: buy bafs
(38:47 / All) OrcLivesMatter: raped lol
(39:19 / Allies) newborn: gold pink
(39:21 / Allies) newborn: for hero plz
(39:22 / All) OrcLivesMatter: You suck orange
(39:24 / All) OrcLivesMatter: Just leave, I 1v4
(39:28 / Allies) ZombiNiggrJesus: pink why not attack blue
(39:38 / Allies) WOMENLOVETRUMP: scouting
(39:39 / Allies) WOMENLOVETRUMP: for expos
(39:42 / Allies) ZombiNiggrJesus: oh
(39:45 / Allies) ZombiNiggrJesus: tru dat
(39:53 / Allies) BECOOL: ?
(39:55 / Allies) ZombiNiggrJesus: well there arent any over here
(39:59 / Allies) BECOOL: kill my exe
(39:59 / Allies) ZombiNiggrJesus: there isnt even any other mines
(40:01 / Allies) BECOOL: I feed u
(40:05 / Allies) BECOOL: if u want
(40:09 / Allies) WOMENLOVETRUMP: kill u rexe?
(40:20 / Allies) ZombiNiggrJesus: red
(40:25 / Allies) WOMENLOVETRUMP: was just a sapper
(40:27 / Allies) ZombiNiggrJesus: has a blimp
(41:12 / All) OrcLivesMatter: +29 bm
(41:27 / All) OrcLivesMatter: jelly?
(41:37 / Allies) BECOOL: m:ain
(41:39 / Allies) BECOOL: main
(41:56 / Allies) BECOOL: sho
(41:57 / Allies) BECOOL: shop
(42:04 / Allies) BECOOL: lol
(42:12 / Allies) newborn: 200 g plz
(42:14 / Allies) newborn: for hall
(43:26 / All) OrcLivesMatter: yawn
(43:35 / Allies) BECOOL: 4vs1 lol
(43:35 / All) newborn: owned bitch
(43:45 / All) OrcLivesMatter: lmao
(43:49 / All) WOMENLOVETRUMP: i keep watching the college football game
(43:51 / All) WOMENLOVETRUMP: ohio state
(43:52 / All) OrcLivesMatter: if that's your idea of owning
(45:02 / Allies) BECOOL: make catapult damn
(45:04 / Allies) ZombiNiggrJesus: are some of you friends with red or something? this is so weird
(45:34 / All) OrcLivesMatter: lol
(45:47 / All) newborn: what a fucking noob u are
(46:07 / All) OrcLivesMatter: stop for one sec and you die
(46:30 / Allies) newborn: come at me bitch
(46:49 / All) newborn: so u hack it seems
(46:56 / All) OrcLivesMatter: lol
(47:12 / Allies) BECOOL: cataplt man
(47:15 / Allies) BECOOL: dont sucide
(47:24 / Allies) BECOOL: trap
(47:26 / Allies) BECOOL: man
(47:44 / Allies) newborn: share gold pink
(47:47 / Allies) BECOOL: ok
(47:57 / Allies) newborn: pink
(47:58 / Allies) newborn: share gold
(48:02 / Allies) BECOOL: tekil
(48:07 / Allies) BECOOL: gobelin
(48:19 / All) OrcLivesMatter: lmao
(48:26 / All) OrcLivesMatter: owned
(48:55 / Allies) newborn: now
(48:56 / All) OrcLivesMatter: lawl
(48:57 / Allies) newborn: we must hit
(49:08 / All) OrcLivesMatter: he danced in a bladestorm to death
(49:33 / All) OrcLivesMatter: you should give your pendant and +6 agi boots to me
(49:36 / All) OrcLivesMatter: so I can have the ultimate blademaster
(49:39 / Allies) ZombiNiggrJesus: go from this angle
(49:44 / Allies) ZombiNiggrJesus: less towers
(50:05 / All) OrcLivesMatter: out
(50:09 / All) WOMENLOVETRUMP: god damnnit
(50:10 / All) WOMENLOVETRUMP: lag
(50:20 / Allies) newborn: fuck u pink
(50:26 / Allies) ZombiNiggrJesus: pink is reds buddy
(50:30 / All) WOMENLOVETRUMP: oj is pissed at me cuz he lost 2 heroes
(50:31 / Allies) newborn: ya i see
(50:38 / All) OrcLivesMatter: He lost way more than that over this game lol
(50:45 / Allies) BECOOL: use gold pink
(51:13 / All) WOMENLOVETRUMP: dont worry guys, i got his base sieged he cant leave it
(51:33 / Allies) BECOOL: 200 gold
(51:34 / Allies) BECOOL: just
(51:35 / Allies) ZombiNiggrJesus: that doesnt make sense, you arent seiging anything
(51:40 / Allies) newborn: lol
(51:43 / Allies) BECOOL: th
(51:47 / Allies) newborn: give me
(51:49 / All) WOMENLOVETRUMP: look at his base fool i have it surrounded
(52:01 / Allies) BECOOL: hral
(52:03 / Allies) BECOOL: he want hero
(52:03 / Allies) ZombiNiggrJesus: a seige isnt passive
(52:11 / All) WOMENLOVETRUMP: a siege is aggressive
(52:12 / All) WOMENLOVETRUMP: yes i tis
(52:12 / Allies) ZombiNiggrJesus: it is action
(52:17 / All) WOMENLOVETRUMP: havent u ever watched game of thrones
(52:18 / Allies) BECOOL: use shaland
(52:19 / All) WOMENLOVETRUMP: sieges last months
(52:25 / All) OrcLivesMatter: lol
(52:28 / All) OrcLivesMatter: nice try orange
(52:30 / Allies) BECOOL: usr chaman sort of stuning light
(52:49 / Allies) WOMENLOVETRUMP: should i get demos or casters
(53:00 / Allies) BECOOL: pfff
(53:02 / Allies) BECOOL: just some item
(53:03 / Allies) ZombiNiggrJesus: I think you should just attack red
(53:05 / Allies) ZombiNiggrJesus: youd win
(53:10 / All) OrcLivesMatter: wasn't even watching those wyvs
(53:14 / All) OrcLivesMatter: did I kill your tc not even looking?
(53:21 / All) WOMENLOVETRUMP: wyverns got it
(53:23 / All) WOMENLOVETRUMP: he has ank hto
(53:24 / Allies) BECOOL: make siege damn
(53:33 / Allies) WOMENLOVETRUMP: k
(53:39 / All) newborn: idiot
(53:39 / Allies) WOMENLOVETRUMP: siege inc he has a lot of towers
(53:40 / Allies) BECOOL: look
(53:44 / All) OrcLivesMatter: I think this is def one of the best bms I've ever had
(53:50 / All) OrcLivesMatter: too bad there's not better players than orange to use it on
(53:52 / Allies) BECOOL: catapulpt
(54:03 / All) WOMENLOVETRUMP: ur base going down asshole red
(54:04 / Allies) BECOOL: n 100 gold
(54:20 / Allies) BECOOL: 50 more
(54:24 / Allies) newborn: 300 g for bm pink
(54:38 / Allies) BECOOL: go
(54:44 / All) OrcLivesMatter: fight me pussy!
(54:51 / Allies) BECOOL: helpppppppppppp
(55:07 / All) newborn: u fight me pussy
(55:14 / All) OrcLivesMatter: That wasn't fair
(55:16 / All) OrcLivesMatter: My bm vs your tc
(55:18 / All) OrcLivesMatter: you cheated
(55:22 / Allies) BECOOL: plz
(55:23 / Allies) BECOOL: help
(55:37 / Allies) BECOOL: damn do simtehing
(55:53 / All) WOMENLOVETRUMP: i told you i have his base sieged he cant leave not counting his bm
(55:59 / All) WOMENLOVETRUMP: this is an agressive siege not a passive one
(56:15 / Allies) ZombiNiggrJesus: looks pretty passive to me
(56:16 / Allies) BECOOL: engins
(56:24 / Allies) BECOOL: catapult
(56:25 / Allies) ZombiNiggrJesus: I bet your only movement will be to attack orange
(56:31 / All) WOMENLOVETRUMP: look i got siege right here
(56:57 / All) OrcLivesMatter: 292
(56:58 / Allies) BECOOL: make barack
(56:58 / Allies) ZombiNiggrJesus: seige is a step in a positive direction
(57:01 / Allies) BECOOL: and do siege
(57:03 / Allies) ZombiNiggrJesus: now instead of feeding them
(57:07 / Allies) BECOOL: kill some wyvern
(57:07 / Allies) ZombiNiggrJesus: use to attack with army
(57:24 / Allies) BECOOL: u know what mean siege ?
(57:28 / Allies) BECOOL: catapult
(57:33 / All) WOMENLOVETRUMP: raiders right ther fool
(57:34 / Allies) BECOOL: distance attak
(58:00 / Allies) BECOOL: kill
(58:03 / Allies) BECOOL: at 2
(58:17 / Allies) WOMENLOVETRUMP: attack oj wtf
(58:18 / Allies) WOMENLOVETRUMP: go
(58:20 / Allies) WOMENLOVETRUMP: ........
(58:24 / Allies) BECOOL: b
(58:32 / Allies) newborn: yeah like u wont tk
(58:36 / Allies) BECOOL: barack now make catapult
(59:02 / Allies) BECOOL: kil they units
(59:08 / All) WOMENLOVETRUMP: tc aura imba
(59:21 / All) OrcLivesMatter: 308
(59:30 / Allies) BECOOL: kill wyvern not hero
(59:56 / Allies) BECOOL: use towers
(60:21 / Allies) BECOOL: damn use catapult
(60:26 / Allies) BECOOL: and finished him
(60:36 / All) OrcLivesMatter: raped
(60:39 / All) WOMENLOVETRUMP: rofl
(60:45 / All) WOMENLOVETRUMP: u used tower hack red?
(60:46 / All) WOMENLOVETRUMP: wtf
(60:49 / All) WOMENLOVETRUMP: why didnt it hit ur bm
(61:04 / Allies) BECOOL: kill this machine
(61:29 / All) OrcLivesMatter: owned
(61:37 / All) WOMENLOVETRUMP: gonna F up ur base red
(61:51 / Allies) BECOOL: no base = go out
(62:09 / Allies) newborn: stop being a fag pink
(62:17 / Allies) BECOOL: damn catapult do u know what it means ?
(62:27 / All) OrcLivesMatter: noobs
(63:39 / All) OrcLivesMatter: GG you can all leave
(63:43 / All) OrcLivesMatter: I will pause so you can leave
(63:44 / All) OrcLivesMatter: out
(63:48 / All) OrcLivesMatter: gg
(63:48 / All) OrcLivesMatter: you may leave
(63:51 / All) OrcLivesMatter: you have my permission
(63:52 / All) OrcLivesMatter: out
(63:55 / All) newborn: i am just going to minimize
(64:06 / All) OrcLivesMatter: Out
(64:09 / Allies) BECOOL: go to towers pink
(64:13 / All) WOMENLOVETRUMP: funny way to minimize, moving ur tauren away
(64:18 / All) OrcLivesMatter: yea
(64:21 / All) OrcLivesMatter: not seen that way before
(64:24 / Allies) BECOOL: help pink
(64:39 / Allies) newborn: teal
(64:43 / All) BECOOL: crazy fool
(64:45 / Allies) newborn: pink is bullshiting
(64:46 / All) BECOOL: leave
(64:47 / Allies) newborn: stop talking
(64:50 / All) OrcLivesMatter: I win 1v4
(64:51 / All) BECOOL: red u have no gold
(64:56 / All) WOMENLOVETRUMP: how much gold u have red
(64:56 / All) OrcLivesMatter: I have 10k
(64:56 / All) BECOOL: and just 3 wyvern
(65:02 / All) BECOOL: how can u win ?
(65:05 / All) BECOOL: pink got 6 k gold
(65:07 / All) OrcLivesMatter: I win 1v4
(65:14 / All) OrcLivesMatter: I have 4k more than him
(65:27 / All) OrcLivesMatter: Arashicage is one of the best blademasters
(66:04 / All) OrcLivesMatter: like my tower hack?
(66:32 / All) OrcLivesMatter: Bad boy, no bm for you
(66:34 / All) BECOOL: make cataplut its like motarrd
(67:19 / All) BECOOL: lol red
(67:20 / All) BECOOL: u sick
(67:46 / All) BECOOL: kill 3veyvern looooool
(67:48 / Allies) newborn: bullshit
(67:52 / Allies) newborn: stop
(68:05 / All) BECOOL: ????
(68:06 / All) WOMENLOVETRUMP: red wants me to end it.
(68:07 / All) BECOOL: nooo
(68:10 / All) WOMENLOVETRUMP: not sure why im listening to the enemy
(68:28 / All) OrcLivesMatter: Pink does what I tell him to
(68:29 / All) WOMENLOVETRUMP: sometimes gentlemen, you just have to admit you were beat by the better player
(68:37 / All) OrcLivesMatter: We've been stringing along all game
(68:44 / All) BECOOL: dont be cazy
(68:44 / All) OrcLivesMatter: From where you're kneeling it must look like an 18-karat run of bad luck
(68:45 / All) BECOOL: we win
(68:50 / All) OrcLivesMatter: but the truth is, the game was rigged from the start
(68:53 / All) BECOOL: so leae
(68:57 / All) BECOOL: so leave pink I winbn
(69:03 / All) BECOOL: leave pink
(69:04 / All) newborn: whatever i am tking you every game i got
(69:11 / All) OrcLivesMatter: we're professionals
(69:15 / All) OrcLivesMatter: you can't tk us, we do the tking
(69:17 / All) BECOOL: we win
(69:22 / All) OrcLivesMatter: I win, alt tabbin
(69:31 / Allies) BECOOL: dont be controlled by him
(69:42 / Allies) BECOOL: he a fool
(69:47 / Allies) BECOOL: do catapult and win
(69:54 / Allies) BECOOL: catapult is like tanl
(69:55 / Allies) BECOOL: tank
(69:57 / Allies) BECOOL: and motard
(70:15 / Allies) BECOOL: 1 hero is nothing
(70:26 / Allies) BECOOL: orange finish him
(70:27 / All) WOMENLOVETRUMP: thx god oj is a moron and rezzed his tc not his bm
(70:28 / Allies) ZombiNiggrJesus: pink there is no straight male who behaves with that kind of subservience
(70:33 / Allies) ZombiNiggrJesus: youre his bitch
(70:45 / Allies) ZombiNiggrJesus: gay bastard
(70:59 / All) WOMENLOVETRUMP: like i said guys
(71:03 / All) WOMENLOVETRUMP: u just have to tip ur hat to red
(71:07 / All) WOMENLOVETRUMP: he was the better player this day
(71:21 / All) newborn: you are the same player im sure
(71:35 / All) newborn: anyway
(71:38 / All) newborn: im minimizing
(71:40 / All) newborn: have fun
(71:44 / All) WOMENLOVETRUMP: u said that already
(71:45 / All) WOMENLOVETRUMP: lol
(71:45 / All) OrcLivesMatter: but didn't
(71:58 / Allies) BECOOL: he dont have gold red
(71:59 / Allies) BECOOL: just some
(72:03 / Allies) BECOOL: no exe
(72:06 / Allies) BECOOL: how he can win
(72:08 / All) OrcLivesMatter: 356
(72:15 / Allies) BECOOL: kill red
(72:21 / All) OrcLivesMatter: 320
(72:36 / All) OrcLivesMatter: alt tabbin again, that was good timing to check in
(72:39 / Allies) BECOOL: crazy
(72:40 / All) WOMENLOVETRUMP: why tc no ankh
(74:52 / All) WOMENLOVETRUMP: guarnatee u oj aint alt tabbed
(78:55 / All) newborn: ur tower got owned red
(79:25 / All) newborn: ur getting tked every game i got with you 2
(79:46 / All) newborn: well i am to watch a game
(79:53 / All) newborn: minimizing
(80:16 / All) WOMENLOVETRUMP: he still isnt minimized lawl
(81:53 / All) WOMENLOVETRUMP: i decided to ain red, whom i never met before, because orange was very rude with his "yawn" comments
(82:35 / Allies) ZombiNiggrJesus: i doubt that. his balls are probably in your mouth right now